| TOP OF THE 1ST |
|
Windy City ThunderBolts batting - Pitching for Chester Pirates : RHP Erik Comito
|
|
Pitching: RHP Erik Comito
|
|
|
Batting: SHB Dan Strickland
|
0-0: Called Strike 0-1: Foul Ball, location: 2F 0-2: Foul Ball, location: 2F 0-2: Ball 1-2: Ball 2-2: Strikes out swinging
|
|
Batting: RHB Joe Thomas
|
0-0: Foul Ball, location: 9LSF, Error on foul ball, E9 0-1: SINGLE (Line Drive, 8RS, EV 91.9 MPH)
|
|
Batting: RHB Eddie Dimas
|
0-0: Ball 1-0: Fielders Choice at 2nd, 1-4 (Groundball, 25, EV 68.1 MPH)
|
|
Batting: RHB Donovan Deason
|
0-0: Fly out, F7 (Flyball, 7, EV 82.5 MPH)
|
| Top of the 1st over - 0 runs, 1 hit, 1 error, 1 left on base; Windy City 0 - Chester 0 |
| BOTTOM OF THE 1ST |
|
Chester Pirates batting - Pitching for Windy City ThunderBolts : RHP J.J. Donovan
|
|
Pitching: RHP J.J. Donovan
|
|
|
Batting: SHB Mike Corley
|
0-0: Called Strike 0-1: Ball 1-1: Foul Ball, location: 2F 1-2: Ball 2-2: Ball 3-2: Ground out 4-3 (Groundball, 4, EV 100.6 MPH)
|
|
Batting: RHB Bob Buckler
|
0-0: Ground out 6-3 (Groundball, 6, EV 102.5 MPH)
|
|
Batting: RHB Zach Chmieleski
|
0-0: Called Strike 0-1: Foul Ball, location: 2F 0-2: SINGLE (Groundball, 56D, EV 97.5 MPH)
|
|
Batting: RHB Steve Kane
|
0-0: Ball 1-0: Ball 2-0: Swinging Strike 2-1: Fly out, F8 (Flyball, 8LD, EV 95.6 MPH)
|
| Bottom of the 1st over - 0 runs, 1 hit, 0 errors, 1 left on base; Windy City 0 - Chester 0 |
| TOP OF THE 2ND |
|
Windy City ThunderBolts batting - Pitching for Chester Pirates : RHP Erik Comito
|
|
Batting: RHB Paul Holland
|
0-0: SINGLE (Line Drive, 9LS, EV 93.1 MPH)
|
|
Batting: RHB Camillo Bonauiti
|
0-0: Ball 1-0: Foul Ball, location: 2F 1-1: Ball 2-1: Swinging Strike 2-2: Foul Ball, location: 2F 2-2: Foul Ball, location: 2F 2-2: SINGLE (Groundball, 6MS, EV 76.2 MPH) (infield hit) Paul Holland to second
|
|
Batting: RHB Klaus Brown
|
0-0: Called Strike 0-1: Foul Ball, location: 2F 0-2: Ball 1-2: Ball 2-2: Ball 3-2: SINGLE (Groundball, 4MD, EV 96.2 MPH) Paul Holland to third Camillo Bonauiti to second
|
|
Batting: RHB Nhat Phong
|
0-0: Ball 1-0: Ball 2-0: Ball 3-0: Base on Balls Paul Holland scores Camillo Bonauiti to third Klaus Brown to second
|
|
Batting: RHB Sim Damit
|
0-0: SINGLE (Flyball, 8RS, EV 86.2 MPH) Camillo Bonauiti scores Klaus Brown to third Nhat Phong to second
|
|
Batting: SHB Dan Strickland
|
0-0: Foul Ball, location: 2F 0-1: Ball 1-1: Foul Ball, location: 2F 1-2: Foul Ball, location: 2F 1-2: Ball 2-2: Ball 3-2: Ground out 4-3 (Groundball, 4S, EV 64.4 MPH) Klaus Brown scores Nhat Phong to third Sim Damit to second
|
|
Batting: RHB Joe Thomas
|
0-0: Ball 1-0: Ball 2-0: Fly out, F9 (Flyball, 9, EV 87.5 MPH) Runner from 3rd tags up, SCORES, throw by RF Sim Damit to third
|
|
Batting: RHB Eddie Dimas
|
0-0: Ball 1-0: Ball 2-0: Reached on error, E6 (Groundball, 6, EV 98.8 MPH) Sim Damit scores
|
|
Batting: RHB Donovan Deason
|
0-0: Ball 1-0: Ball 2-0: Called Strike 2-1: Foul Ball, location: 2F 2-2: Ball 3-2: Base on Balls
|
|
Pitching: LHP Dave Pearce
|
|
|
Batting: RHB Paul Holland
|
0-0: Ball 1-0: Swinging Strike 1-1: Fly out, F8 (Flyball, 8LD, EV 97.5 MPH)
|
| Top of the 2nd over - 5 runs, 4 hits, 1 error, 2 left on base; Windy City 5 - Chester 0 |
| BOTTOM OF THE 2ND |
|
Chester Pirates batting - Pitching for Windy City ThunderBolts : RHP J.J. Donovan
|
|
Batting: RHB Joe Stepnowski
|
0-0: Foul Ball, location: 2F 0-1: Ball 1-1: Swinging Strike 1-2: Ball 2-2: Foul Ball, location: 2F 2-2: Foul Ball, location: 2F 2-2: Foul Ball, location: 2F 2-2: Fly out, F7 (Flyball, 7, EV 88.8 MPH)
|
|
Batting: RHB Matt Rangel
|
0-0: Ball 1-0: Ground out 6-3 (Groundball, 6, EV 79.4 MPH)
|
|
Batting: RHB Freddy Mulholland
|
0-0: SINGLE (Flyball, 34D, EV 89.4 MPH)
|
|
Batting: RHB Andy Pemberton
|
0-0: Foul Ball, location: 2F 0-1: Ball 1-1: Foul Ball, location: 2F 1-2: Ball 2-2: Strikes out swinging
|
| Bottom of the 2nd over - 0 runs, 1 hit, 0 errors, 1 left on base; Windy City 5 - Chester 0 |
| TOP OF THE 3RD |
|
Windy City ThunderBolts batting - Pitching for Chester Pirates : LHP Dave Pearce
|
|
Batting: RHB Camillo Bonauiti
|
0-0: SINGLE (Flyball, 6MD, EV 89.4 MPH)
|
|
Batting: RHB Klaus Brown
|
0-0: Foul Ball, location: 2F 0-1: Ball 1-1: Called Strike 1-2: Foul Ball, location: 2F 1-2: Foul Ball, location: 2F 1-2: Fly out, F8 (Flyball, 8LD, EV 97.5 MPH)
|
|
Batting: RHB Nhat Phong
|
0-0: Foul Ball, location: 2F 0-1: Ball 1-1: Swinging Strike 1-2: Strikes out swinging
|
|
Batting: RHB Sim Damit
|
0-0: Swinging Strike 0-1: Ball 1-1: Foul Ball, location: 2F 1-2: Foul Ball, location: 2F 1-2: Strikes out swinging
|
| Top of the 3rd over - 0 runs, 1 hit, 0 errors, 1 left on base; Windy City 5 - Chester 0 |
| BOTTOM OF THE 3RD |
|
Chester Pirates batting - Pitching for Windy City ThunderBolts : RHP J.J. Donovan
|
|
Batting: RHB Justin Todorovich
|
0-0: Swinging Strike 0-1: Ball 1-1: Swinging Strike 1-2: Ground out 5-3 (Groundball, 5, EV 88.1 MPH)
|
|
Batting: SHB Mike Corley
|
0-0: Ball 1-0: Foul Ball, location: 2F 1-1: Ball 2-1: Fly out, F8 (Line Drive, 8LD, EV 88.8 MPH)
|
|
Batting: RHB Bob Buckler
|
0-0: Foul Ball, location: 2F 0-1: Ball 1-1: Foul Ball, location: 2F 1-2: Foul Ball, location: 2F 1-2: Ball 2-2: Ball 3-2: Foul Ball, location: 2F 3-2: Ground out 6-3 (Groundball, 6M, EV 107.5 MPH)
|
| Bottom of the 3rd over - 0 runs, 0 hits, 0 errors, 0 left on base; Windy City 5 - Chester 0 |
| TOP OF THE 4TH |
|
Windy City ThunderBolts batting - Pitching for Chester Pirates : LHP Dave Pearce
|
|
Batting: SHB Dan Strickland
|
0-0: Called Strike 0-1: SINGLE (Line Drive, 9S, EV 100.6 MPH)
|
|
Batting: RHB Joe Thomas
|
0-0: Ball 1-0: Ball 2-0: Fly out, F9 (Flyball, 9D, EV 85.0 MPH)
|
|
Batting: RHB Eddie Dimas
|
0-0: Foul Ball, location: 2F 0-1: Swinging Strike 0-2: Ball 1-2: Strikes out looking
|
|
Batting: RHB Donovan Deason
|
0-0: Ball 1-0: Swinging Strike 1-1: Ground out 1-3 (Groundball, 34S, EV 73.1 MPH)
|
| Top of the 4th over - 0 runs, 1 hit, 0 errors, 1 left on base; Windy City 5 - Chester 0 |
| BOTTOM OF THE 4TH |
|
Chester Pirates batting - Pitching for Windy City ThunderBolts : RHP J.J. Donovan
|
|
Batting: RHB Zach Chmieleski
|
0-0: Swinging Strike 0-1: Foul Ball, location: 2F 0-2: Ball 1-2: Ball 2-2: Strikes out swinging
|
|
Batting: RHB Steve Kane
|
0-0: Ball 1-0: Ball 2-0: Called Strike 2-1: SINGLE (Groundball, 4MD, EV 95.0 MPH)
|
|
Batting: RHB Joe Stepnowski
|
0-0: Swinging Strike 0-1: Called Strike 0-2: Strikes out swinging
|
|
Batting: RHB Matt Rangel
|
0-0: Called Strike 0-1: Swinging Strike 0-2: Ball 1-2: Foul Ball, location: 2F Balk! Steve Kane to second 1-2: Ball 2-2: Strikes out swinging
|
| Bottom of the 4th over - 0 runs, 1 hit, 0 errors, 1 left on base; Windy City 5 - Chester 0 |
| TOP OF THE 5TH |
|
Windy City ThunderBolts batting - Pitching for Chester Pirates : LHP Dave Pearce
|
|
Batting: RHB Paul Holland
|
0-0: Ball 1-0: Ball 2-0: Called Strike 2-1: Swinging Strike 2-2: Foul Ball, location: 2F 2-2: Strikes out swinging
|
|
Batting: RHB Camillo Bonauiti
|
0-0: Foul Ball, location: 2F 0-1: Ground out U3 (Groundball, 34, EV 82.5 MPH)
|
|
Batting: RHB Klaus Brown
|
0-0: Ball 1-0: Called Strike 1-1: Called Strike 1-2: Foul Ball, location: 2F 1-2: Foul Ball, location: 2F 1-2: Strikes out swinging
|
| Top of the 5th over - 0 runs, 0 hits, 0 errors, 0 left on base; Windy City 5 - Chester 0 |
| BOTTOM OF THE 5TH |
|
Chester Pirates batting - Pitching for Windy City ThunderBolts : RHP J.J. Donovan
|
|
Batting: RHB Freddy Mulholland
|
0-0: Swinging Strike 0-1: Swinging Strike 0-2: Ball 1-2: Strikes out looking
|
|
Batting: RHB Andy Pemberton
|
0-0: Called Strike 0-1: Swinging Strike 0-2: Foul Ball, location: 2F 0-2: Ball 1-2: Strikes out swinging
|
|
Batting: RHB Justin Todorovich
|
0-0: Ball 1-0: Ball 2-0: Foul Ball, location: 2F 2-1: Fly out, F8 (Flyball, 8LM, EV 90.0 MPH)
|
| Bottom of the 5th over - 0 runs, 0 hits, 0 errors, 0 left on base; Windy City 5 - Chester 0 |
| TOP OF THE 6TH |
|
Windy City ThunderBolts batting - Pitching for Chester Pirates : LHP Dave Pearce
|
|
Batting: RHB Nhat Phong
|
0-0: Ball 1-0: Ball 2-0: Reached on error, E5 (Groundball, 56, EV 100.0 MPH)
|
|
Pitching: RHP Colin Walker
|
|
|
Batting: RHB Sim Damit
|
0-0: Called Strike 0-1: Foul Ball, location: 2F 0-2: Strikes out swinging
|
|
Batting: SHB Dan Strickland
|
0-0: Ball 1-0: Foul Ball, location: 2F 1-1: Swinging Strike 1-2: Ball 2-2: Ball 3-2: Strikes out swinging
|
|
Batting: RHB Joe Thomas
|
0-0: Ball Wild Pitch! Nhat Phong to third 1-0: Ball 2-0: Swinging Strike 2-1: Foul Ball, location: 2F 2-2: Foul Ball, location: 2F 2-2: Strikes out looking
|
| Top of the 6th over - 0 runs, 0 hits, 1 error, 1 left on base; Windy City 5 - Chester 0 |
| BOTTOM OF THE 6TH |
|
Chester Pirates batting - Pitching for Windy City ThunderBolts : RHP J.J. Donovan
|
|
Batting: SHB Mike Corley
|
0-0: Foul Ball, location: 2F 0-1: Swinging Strike 0-2: Ball 1-2: Foul Ball, location: 2F 1-2: Foul Ball, location: 2F 1-2: Foul Ball, location: 2F 1-2: Ball 2-2: SINGLE (Flyball, 7LS, EV 87.5 MPH)
|
|
Batting: RHB Bob Buckler
|
0-0: Ball 1-0: Fly out, F8 (Flyball, 8RD, EV 87.5 MPH)
|
|
Batting: RHB Zach Chmieleski
|
0-0: Foul Ball, location: 2F 0-1: Ball 1-1: Ball 2-1: Foul Ball, location: 2F 2-2: Ball 3-2: Base on Balls Mike Corley to second
|
|
Batting: RHB Steve Kane
|
0-0: Ball 1-0: Called Strike 1-1: Called Strike 1-2: Ball 2-2: Ball 3-2: Foul Ball, location: 2F 3-2: Fielders Choice at 2nd, 3-6 (Groundball, 3, EV 86.9 MPH) Mike Corley to third
|
|
Batting: RHB Joe Stepnowski
|
0-0: Ball 1-0: Swinging Strike 1-1: Ball 2-1: Ball 3-1: Base on Balls Steve Kane to second
|
|
Batting: RHB Matt Rangel
|
0-0: Swinging Strike 0-1: Ball 1-1: Ball 2-1: Foul Ball, location: 2F 2-2: Ball 3-2: Strikes out swinging
|
| Bottom of the 6th over - 0 runs, 1 hit, 0 errors, 3 left on base; Windy City 5 - Chester 0 |
| TOP OF THE 7TH |
|
Windy City ThunderBolts batting - Pitching for Chester Pirates : RHP Colin Walker
|
|
Batting: RHB Eddie Dimas
|
0-0: Ball 1-0: Ground out 5-3 (Groundball, 56, EV 105.6 MPH)
|
|
Batting: RHB Donovan Deason
|
0-0: Called Strike 0-1: Called Strike 0-2: Ball 1-2: Ball 2-2: Fly out, F7 (Flyball, 78D, EV 80.0 MPH)
|
|
Batting: RHB Paul Holland
|
0-0: Ball 1-0: Ball 2-0: Called Strike 2-1: Swinging Strike 2-2: Foul Ball, location: 2F 2-2: SINGLE (Groundball, 56D, EV 106.2 MPH)
|
|
Batting: RHB Camillo Bonauiti
|
0-0: Called Strike 0-1: Foul Ball, location: 2F 0-2: Ball 1-2: Ball 2-2: SINGLE (Line Drive, 56D, EV 95.0 MPH) Paul Holland to second
|
|
Batting: RHB Klaus Brown
|
0-0: Ball 1-0: Called Strike 1-1: Ball 2-1: Foul Ball, location: 2F 2-2: Ball 3-2: Base on Balls Paul Holland to third Camillo Bonauiti to second
|
|
Batting: RHB Nhat Phong
|
0-0: Ball 1-0: Called Strike 1-1: Foul Ball, location: 2F 1-2: Ball 2-2: Strikes out swinging
|
| Top of the 7th over - 0 runs, 2 hits, 0 errors, 3 left on base; Windy City 5 - Chester 0 |
| BOTTOM OF THE 7TH |
|
Chester Pirates batting - Pitching for Windy City ThunderBolts : RHP J.J. Donovan
|
|
Pitching: LHP David Broussard
|
|
|
Batting: RHB Freddy Mulholland
|
0-0: Called Strike 0-1: Ball 1-1: Foul Ball, location: 2F 1-2: Ball 2-2: Foul Ball, location: 2F 2-2: Strikes out swinging
|
|
Batting: RHB Andy Pemberton
|
0-0: Called Strike 0-1: Swinging Strike 0-2: Strikes out swinging
|
|
Batting: RHB Justin Todorovich
|
0-0: Ball 1-0: Foul Ball, location: 2F 1-1: Called Strike 1-2: Strikes out swinging
|
| Bottom of the 7th over - 0 runs, 0 hits, 0 errors, 0 left on base; Windy City 5 - Chester 0 |
| TOP OF THE 8TH |
|
Windy City ThunderBolts batting - Pitching for Chester Pirates : RHP Colin Walker
|
|
Batting: RHB Sim Damit
|
0-0: Fly out, F7 (Flyball, 78S, EV 88.1 MPH)
|
|
Batting: SHB Dan Strickland
|
0-0: Foul Ball, location: 2F 0-1: Ball 1-1: Ball 2-1: Ball 3-1: Foul Ball, location: 2F 3-2: Base on Balls
|
|
Pitching: RHP Yong-taek Hoang
|
|
|
Batting: RHB Joe Thomas
|
0-0: Fly out, F8 (Flyball, 89S, EV 86.9 MPH)
|
|
Batting: RHB Eddie Dimas
|
0-0: Foul Ball, location: 2F 0-1: Called Strike 0-2: Foul Ball, location: 2F 0-2: Ground out 4-3 (Groundball, 34D, EV 85.0 MPH)
|
| Top of the 8th over - 0 runs, 0 hits, 0 errors, 1 left on base; Windy City 5 - Chester 0 |
| BOTTOM OF THE 8TH |
|
Chester Pirates batting - Pitching for Windy City ThunderBolts : LHP David Broussard
|
|
Batting: SHB Mike Corley
|
0-0: Called Strike 0-1: Called Strike 0-2: Strikes out swinging
|
|
Batting: RHB Bob Buckler
|
0-0: Ball 1-0: Ball 2-0: Swinging Strike 2-1: SINGLE (Line Drive, 56D, EV 95.0 MPH)
|
|
Batting: RHB Zach Chmieleski
|
0-0: Swinging Strike 0-1: Foul Ball, location: 2F 0-2: Foul Ball, location: 2F 0-2: Ball 1-2: Ball 2-2: Foul Ball, location: 2F 2-2: Fly out, F7 (Flyball, 78M, EV 90.0 MPH)
|
|
Batting: RHB Steve Kane
|
0-0: Foul Ball, location: 2F 0-1: Ball 1-1: Swinging Strike 1-2: Ball 2-2: Strikes out swinging
|
| Bottom of the 8th over - 0 runs, 1 hit, 0 errors, 1 left on base; Windy City 5 - Chester 0 |
| TOP OF THE 9TH |
|
Windy City ThunderBolts batting - Pitching for Chester Pirates : RHP Yong-taek Hoang
|
|
Batting: RHB Donovan Deason
|
0-0: Foul Ball, location: 2F 0-1: Swinging Strike 0-2: Foul Ball, location: 2F 0-2: Foul Ball, location: 2F 0-2: Foul Ball, location: 2F 0-2: Ball 1-2: Foul Ball, location: 2F 1-2: Strikes out swinging
|
|
Batting: RHB Paul Holland
|
0-0: Swinging Strike 0-1: Ball 1-1: Ball 2-1: Called Strike 2-2: Ball 3-2: Base on Balls
|
|
Batting: RHB Camillo Bonauiti
|
0-0: Ball 1-0: Ball 2-0: Foul Ball, location: 2F 2-1: 2-RUN HOME RUN (Flyball, 9D, EV 93.8 MPH), Distance : 381 ft
|
|
Batting: RHB Klaus Brown
|
0-0: Ball 1-0: Ball 2-0: Called Strike 2-1: Foul Ball, location: 2F 2-2: Ball 3-2: Hit by Pitch, AND HE CHARGES THE MOUND! The benches clear!
|
|
Pitching: RHP Tomas Cavazos
|
|
|
Pinch Runner at 1st Bellchior Osuna:
|
|
|
Batting: RHB Nhat Phong
|
0-0: Foul Ball, location: 2F 0-1: Ball 1-1: Ball 2-1: Ball 3-1: Fly out, F7 (Flyball, 78M, EV 90.6 MPH)
|
|
Batting: RHB Sim Damit
|
0-0: Called Strike 0-1: Fly out, F8 (Flyball, 8LM, EV 86.9 MPH)
|
| Top of the 9th over - 2 runs, 1 hit, 0 errors, 1 left on base; Windy City 7 - Chester 0 |
| BOTTOM OF THE 9TH |
|
Chester Pirates batting - Pitching for Windy City ThunderBolts : LHP David Broussard
|
|
Now at C: Bellchior Osuna
|
|
|
Batting: RHB Joe Stepnowski
|
0-0: Called Strike 0-1: Swinging Strike 0-2: Foul Ball, location: 2F 0-2: Ball 1-2: Ball 2-2: Fly out, F8 (Line Drive, 78M, EV 94.4 MPH)
|
|
Batting: RHB Matt Rangel
|
0-0: Ball 1-0: Ball 2-0: Ball 3-0: Called Strike 3-1: Foul Ball, location: 2F 3-2: Strikes out swinging
|
|
Batting: RHB Freddy Mulholland
|
0-0: Foul Ball, location: 2F 0-1: Foul Ball, location: 2F 0-2: Strikes out looking
|
| Bottom of the 9th over - 0 runs, 0 hits, 0 errors, 0 left on base; Windy City 7 - Chester 0 |
|